 Dungeon Crawl Stone Soup version 0.26.1-11-gd32895ea62 (webtiles) character file.

Game seed: 7598464139581330985

2836 Zeld the Geomancer (level 9, -4/52 HPs)
             Began as a Gargoyle Earth Elementalist on Sept 2, 2021.
             Was a Believer of Sif Muna.
             Killed from afar by Maggie (34 damage)
             ... with a bolt of fire
             ... on level 7 of the Dungeon.
             The game lasted 00:18:59 (14094 turns).

Zeld the Geomancer (Gargoyle Earth Elementalist)   Turns: 14094, Time: 00:19:00

Health: -4/52      AC: 12    Str: 13    XL:     9   Next: 74%
Magic:  1/17       EV: 13    Int: 18    God:    Sif Muna [**....]
Gold:   1509       SH:  0    Dex: 10    Spells: 4/19 levels left

rFire    . . .     SeeInvis .   (no weapon)
rCold    . . .     Faith    .   (no shield)
rNeg     + . .     Spirit   .   c - +0 robe
rPois    ∞         Reflect  .   j - +0 helmet
rElec    +         Harm     .   u - +0 cloak
rCorr    .         Rampage  .   (no gloves)
Will     .....                  h - +0 pair of boots
Stlth    +++.......             (no amulet)
HPRegen  0.17/turn              (no ring)
MPRegen  0.15/turn              (no ring)

@: mesmerised
A: negative energy resistance 1, electricity resistance, unbreathing,
petrification resistance, miasma immunity, AC +6
a: Renounce Religion, Channel Magic


You were on level 7 of the Dungeon.
You worshipped Sif Muna.
Sif Muna was pleased with you.
You visited 2 branches of the dungeon, and saw 9 of its levels.
You also visited: Ossuary.

You collected 1520 gold pieces.
You spent 11 gold pieces at shops.

Inventory:

Missiles
 n - 95 stones (quivered)
Armour
 c - a +0 robe (worn)
 h - a +0 pair of boots (worn)
 j - a +0 helmet (worn)
 u - a +0 cloak (worn)
Jewellery
 d - an uncursed amulet of regeneration {unknown}
Wands
 a - a wand of digging (8)
 l - a wand of flame (12)
Scrolls
 e - 4 scrolls of remove curse
 f - a scroll of enchant armour
 p - 2 scrolls of blinking
 q - a scroll of teleportation
 s - a scroll of fear
Potions
 b - a potion of heal wounds
 g - a potion of ambrosia
 i - 5 potions of curing
 m - 2 potions of resistance
 t - a potion of flight {unknown}
 v - a potion of haste {unknown}


   Skills:
 + Level 4.4 Fighting
 + Level 4.8 Armour
 + Level 3.9 Dodging
 + Level 5.4 Stealth
 * Level 5.9 Spellcasting
 + Level 4.4 Conjurations
 - Level 1.0 Transmutations
 * Level 8.1 Earth Magic


You had 4 spell levels left.
You knew the following spells:

 Your Spells              Type           Power        Failure   Level
a - Sandblast             Erth           68%          1%          1
b - Passwall              Tmut/Erth      17%          2%          2
c - Stone Arrow           Conj/Erth      56%          2%          3
d - Petrify               Tmut/Erth      21%          19%         4
e - Lee's Rapid Deconstr  Erth           17%          12%         5

Your spell library contained the following spells:

 Spells                   Type           Power        Failure   Level
 Animate Skeleton         Necr           10%          12%         1
 Apportation              Tloc           10%          12%         1
 Corona                   Hex            5%           12%         1
 Summon Small Mammal      Summ           20%          12%         1


Dungeon Overview and Level Annotations

Branches:
Dungeon (8/15)             Temple (1/1) D:4         Ossuary (visited)
   Lair: D:8-11

Altars:
Ashenzari
Cheibriados
Dithmenos
Elyvilon
Fedhas
Gozag
Hepliaklqana
Kikubaaqudgha
Makhleb
Nemelex Xobeh
Okawaru
Qazlal
Ru
Sif Muna
Uskayaw
Vehumet
Wu Jian
Xom
Yredelemnul
Zin
The Shining One

Shops:
D:7 (

Annotations:
D:7 Maggie


Innate Abilities, Weirdness & Mutations

You are resistant to torment.
Your stone body is resilient. (AC +6)
You are immune to poison.
You resist negative energy. (rN+)
You are resistant to electric shocks. (rElec)
You can survive without breathing.
You are immune to petrification.
You are immune to miasma.


Message History

Maggie is severely wounded.
Maggie barely misses you.
You hit Maggie but do no damage.
Maggie is severely wounded.
Maggie closely misses you.
You hit Maggie but do no damage.
Maggie is severely wounded.
You barely miss Maggie.
Maggie is severely wounded.
Maggie mumbles some strange words.
Maggie draws you further into her thrall.
You hit Maggie but do no damage.
Maggie is severely wounded.
Maggie hits you with a +0 morningstar.
You hit Maggie but do no damage.
Maggie is severely wounded.
Maggie casts a spell at you. The bolt of fire hits you!!
Ouch! That really hurt!
You die...

..######.....#....>##
### #########.### .#
#.# .### #.# ...# #.#
##.### #.# #...####
#.# ###....# #@# #
####.### #@# #
#...######.# #
###....#...# #
####.....# # ##....#
# ##...# ## #...# .#
##### <#


You could see Maggie (mesmerising).

Vanquished Creatures
  An orc warrior (D:5)
  2 sky beasts
  2 phantoms
  An ice beast (D:6)
  4 ogres
  3 centaurs
  3 bullfrogs
  A water moccasin zombie (D:6)
  2 elf zombies (Ossuary)
  2 scorpions
  A howler monkey (D:5)
  A quasit (D:5)
  4 hounds
  3 centaur zombies (Ossuary)
  A jelly (D:5)
  Crazy Yiuf (D:3)
  3 orc priests (D:6)
  3 bullfrog skeletons
  An iguana (D:4)
  Jessica (D:2)
  Natasha (thrice) (D:2)
  3 orc wizards
  3 worker ants
  A big kobold zombie (Ossuary)
  A killer bee zombie (D:5)
  2 hound zombies (Ossuary)
  A hound skeleton (D:4)
  3 mummies (Ossuary)
  A worker ant zombie (D:6)
  Robin (D:2)
  6 adders
  2 shadow imps
  A white imp (D:5)
  2 ufetubi (D:7)
  2 adder zombies
  2 oozes (D:2)
  An adder skeleton (D:7)
  A dart slug (D:2)
  8 leopard geckos
  21 orcs
  A ball python (D:1)
  16 bats
  7 giant cockroaches
  14 goblins
  8 hobgoblins
  11 jackals
  6 kobolds
  4 quokkas
  5 frilled lizards
  4 goblin zombies (Ossuary)
  4 hobgoblin zombies (Ossuary)
  6 jackal zombies
  6 kobold zombies (Ossuary)
  A leopard gecko skeleton (D:4)
  2 orc zombies (Ossuary)
  2 quokka zombies (Ossuary)
  5 rats
  3 rat zombies (Ossuary)
210 creatures vanquished.

Vanquished Creatures (others)
  An orc wizard (D:5)
1 creature vanquished.

Grand Total: 211 creatures vanquished

Notes
Turn   | Place    | Note
-------+----------+-------------------------------------------
     0 | D:1      | Zeld the Gargoyle Earth Elementalist began the quest for
                  | the Orb.
     0 | D:1      | Reached XP level 1. HP: 10/10 MP: 3/3
   191 | D:1      | Reached XP level 2. HP: 15/15 MP: 3/5
   194 | D:1      | Learned a level 2 spell: Passwall
   227 | D:1      | Reached skill level 1 in Transmutations
   554 | D:1      | Reached skill level 4 in Earth Magic
   556 | D:1      | Reached XP level 3. HP: 20/20 MP: 2/6
   560 | D:1      | Learned a level 3 spell: Stone Arrow
  1180 | D:2      | Noticed Jessica
  1188 | D:2      | Killed Jessica
  1189 | D:2      | Reached skill level 1 in Fighting
  1189 | D:2      | Reached skill level 1 in Armour
  1189 | D:2      | Reached XP level 4. HP: 24/25 MP: 3/7
  1331 | D:2      | Noticed a phantom
  1513 | D:2      | Reached skill level 1 in Conjurations
  1529 | D:1      | Reached XP level 5. HP: 7/29 MP: 0/9
  1874 | D:2      | Noticed Natasha
  1879 | D:2      | Killed Natasha
  1899 | D:2      | Noticed Natasha
  1903 | D:2      | Killed Natasha
  1999 | D:2      | Killed a phantom
  2000 | D:2      | Reached XP level 6. HP: 30/35 MP: 3/10
  2020 | D:2      | Learned a level 4 spell: Petrify
  2204 | D:2      | Noticed Natasha
  2514 | D:2      | Killed Natasha
  2515 | D:2      | Reached skill level 5 in Earth Magic
  2633 | D:2      | Noticed Robin
  3572 | D:2      | Killed Robin
  4604 | D:3      | Found a runed translucent door.
  4605 | D:3      | Noticed Crazy Yiuf
  4897 | D:3      | Killed Crazy Yiuf
  5316 | D:4      | Reached XP level 7. HP: 40/40 MP: 9/12
  6120 | D:4      | Found a staircase to the Ecumenical Temple.
  6133 | Temple   | Entered the Ecumenical Temple
  6280 | Temple   | Became a worshipper of Sif Muna the Loreminder
  6938 | D:5      | Entered Level 5 of the Dungeon
  7475 | D:5      | Reached skill level 6 in Earth Magic
  7475 | D:5      | Reached XP level 8. HP: 43/45 MP: 9/14
  7720 | D:5      | Learned a level 5 spell: Lee's Rapid Deconstruction
  8855 | D:5      | Got a slimy flail
  8856 | D:5      | Identified the +7 flail of Ymnu {drain, Str+3 Dex+5} (You
                  | found it on level 5 of the Dungeon)
  9357 | D:5      | Reached skill level 5 in Spellcasting
  9694 | D:5      | Reached skill level 7 in Earth Magic
  9804 | D:6      | Found a sand-covered staircase.
  9814 | Ossuary  | Entered an ossuary
 10322 | Ossuary  | Reached XP level 9. HP: 39/52 MP: 1/16
 10914 | Ossuary  | Reached * piety under Sif Muna
 11590 | Ossuary  | Identified a scroll of acquirement
 11644 | D:6      | Acquired 933 gold pieces
 12087 | D:6      | Reached skill level 5 in Stealth
 12735 | D:6      | Reached ** piety under Sif Muna
 13185 | D:7      | Found Meneeff's Weapon Shop.
 13212 | D:7      | Bought 10 stones for 11 gold pieces
 13338 | D:7      | Reached skill level 8 in Earth Magic
 14058 | D:8      | Noticed Maggie
 14094 | D:7      | Killed from afar by Maggie

Illustrated notes

Levels and vault maps discovered:
D:1:      roderic_octagonal_star, layout_loops_ring, minivault_14
D:2:      layout_rooms, uniq_robin, uniq_natasha, uniq_jessica
D:3:      layout_basic, uniq_crazy_yiuf_cottage
D:4:      layout_basic, temple_hall
D:5:      layout_loops_cross, kennysheep_generic_room_13
D:6:      layout_basic, nicolae_ossuary_entry_monument, dk_noncrumbling_4,
          st_stairs_7
D:7:      layout_rooms, serial_shops, shop, columned_hall_lemuel
D:8:      layout_cave_pods, kennysheep_mini, uniq_maggie
Temple:   roderic_octagonal_lattice_temple

Skill      XL: |  1  2  3  4  5  6  7  8  9 |
---------------+----------------------------+-----
Transmutations | 1 |  1.0
Earth Magic    | 4 5 6 7 8 |  8.1
Fighting       | 1 2 3 4 |  4.4
Armour         | 1 2 3 4 |  4.8
Dodging        | 2 3 |  3.9
Conjurations   | 1 2 3 4 |  4.4
Spellcasting   | 3 4 5 |  5.9
Stealth        | 3 4 5 |  5.4

Action                   |  1- 3 |  4- 6 |  7- 9 || total
-------------------------+-------+-------+-------++-------
Melee: Unarmed           |     1 |    77 |   213 ||   291
 Cast: Sandblast         |    44 |   111 |    81 ||   236
       Stone Arrow       |       |     5 |   156 ||   161
  Use: Scroll            |       |       |    17 ||    17
Armor: Robe              |     7 |    71 |   124 ||   202
Dodge: Dodged            |    17 |   110 |   226 ||   353
